[Event "*** SCC Grand Prix: Titled Tuesday Blitz"]
[Site "Chess.com"]
[Date "2020.07.21"]
[Round "2"]
[White "bsnsun"]
[Black "JiiHart"]
[Result "1-0"]
[WhiteElo "2385"]
[BlackElo "2083"]
[TimeControl "180+1"]
[EndTime "10:16:23 PDT"]
[Termination "bsnsun won by checkmate"]

1. Nf3 Nf6 2. d4 e6 3. c4 c5 4. d5 exd5 5. cxd5 d6 6. Nc3 g6 7.
e4 Bg7 8. h3 O-O 9. Bd3 b5 10.
Nxb5 Nxe4 11. O-O a6 12. Na3 Re8 13. Nc4 Bf5 14. Bf4 Bf8 15. Re1 Ra7 16. Qc2 Rae7 17. Re2 a5 18. Rae1 Na6 19. Bxe4 Nb4 20. Qb1 Bxe4 21.
Rxe4 Rxe4 22. Rxe4 Rxe4 23. Qxe4 Nxa2 24. Bg5 Qc7 25.
Qe8 Kg7 26. Bh6+ Kxh6 27. Qxf8+ Kh5 28. g4# 1-0

[Event "*** SCC Grand Prix: Titled Tuesday Blitz"]
[Site "Chess.com"]
[Date "2020.07.21"]
[Round "2"]
[White "TioCridineno"]
[Black "Kildepiotr"]
[Result "0-1"]
[WhiteElo "2182"]
[BlackElo "2612"]
[TimeControl "180+1"]
[EndTime "10:16:24 PDT"]
[Termination "Kildepiotr won by checkmate"]

1. e4 g6 2. d4 Bg7 3. Nc3 c6 4. f4 d5 5. e5 Nh6 6. Bd3 Bg4 7. Nge2 Nf5 8. h3 Bxe2 9. Nxe2 h5 10. c3 h4 11. Qc2 e6 12. Qb3 Qc7 13. a4 Bf8 14. Bd2 c5 15. Bxf5 gxf5 16. Be3 c4 17. Qc2 Nc6 18. O-O Na5 19. Kh2 O-O-O 20. Nc1 Be7 21. Rf2 Rhg8 22. b3 cxb3 23. Nxb3 Nc4 24. Bc1 Kb8 25.
Nd2 Rc8 26. Nxc4 Qxc4 27. Ba3 Bxa3 28. Rxa3 Rg3 29. Qb1 Rxc3 30. Raa2 Qxd4 31. Rab2 R8c7 32. Qa2 Qe3 33. a5 Qg3+ 34. Kg1 Rc1+ 35. Rf1 Rxf1+ 36. Kxf1 Rc1+ 37. Ke2 Re1+ 38. Kd2 Qe3+ 39. Kc2 Rc1# 0-1

[Event "*** SCC Grand Prix: Titled Tuesday Blitz"]
[Site "Chess.com"]
[Date "2020.07.21"]
[Round "2"]
[White "Eliwood44"]
[Black "DenisQ"]
[Result "0-1"]
[WhiteElo "2303"]
[BlackElo "2628"]
[TimeControl "180+1"]
[EndTime "10:16:25 PDT"]
[Termination "DenisQ won by resignation"]

1. d4 Nf6 2. Nf3 g6 3. Nc3 d5 4.
Bf4 Bg7 5. Nb5 Na6 6. e3 c6 7. Nc3 Nc7 8. h3 O-O 9. Be2 Bf5 10. O-O Re8 11. Ne5 Nd7 12. Bd3 Nxe5 13. dxe5 Bxd3 14. cxd3 d4 15. exd4 Ne6 16. Be3 Nxd4 17. f4 Qd7 18.
Ne2 Nxe2+ 19. Qxe2 f6 20. d4 f5 21. Qc4+ e6 22. b4 Qd5 23. Qxd5 cxd5 24. Rfc1 Rec8 25. a4 Kf7 26. Kf2 Ke7 27. Ke2 Kd7 28. Kd3 a6 29. Rxc8 Rxc8 30. Rc1 Rxc1 31. Bxc1 b5 32. axb5 axb5 33.
Bd2 Bf8 34. g4 fxg4 35. hxg4 h5 36. gxh5 gxh5 37. Ke3 Ke7 38. Kf3 Kf7 39. Be1 Kg6 40. Bd2 Kf5 41. Be1 Bh6 42. Bd2 h4 43. Bc1 h3 44. Kg3 Bxf4+ 45. Bxf4 h2 46. Kxh2 Kxf4 47. Kh3 Ke4 48. Kg4 Kxd4 0-1

[Event "*** SCC Grand Prix: Titled Tuesday Blitz"]
[Site "Chess.com"]
[Date "2020.07.21"]
[Round "2"]
[White "Vision_64"]
[Black "IANOV0007"]
[Result "1-0"]
[WhiteElo "2212"]
[BlackElo "2413"]
[TimeControl "180+1"]
[EndTime "10:16:25 PDT"]
[Termination "Vision_64 won by resignation"]

1. e4 d6 2. d4 Nf6 3. Nc3 c6 4. Bg5 Qb6 5. Rb1 Nbd7 6. Nf3 e5 7. Bc4 Be7 8. O-O O-O 9. Be3 Qc7 10. h3 b5 11. Bd3 Bb7 12. Re1 a6 13. a3 Rfe8 14.
Nh4 g6 15. f4 exd4 16. Bxd4 c5 17. Bf2 Nh5 18. f5 Ne5 19. Be2 Nf4 20. Nf3 Bf6 21.
Bg3 Nxe2+ 22. Rxe2 Nc4 23. fxg6 hxg6 24. Nd5 Bxd5 25. Qxd5 Rad8 26. b3 Nxa3 27. Rd1 c4 28. Bxd6 Qb6+ 29. Kh1 cxb3 30. cxb3 b4 31. e5 Bg7 32.
Ng5 Rd7 33. Qf3 Nb5 34. Rf1 Nxd6 35. exd6 Rxe2 36. Qxe2 Qxd6 37. Qe8+ Bf8 38. Nxf7 Kg7 39. Nxd6 Bxd6 40. Qxd7+ Kh6 41. Qxd6 a5 42. Rf6 Kg5 43.
Rxg6+ Kf5 44. Qf6+ Ke4 45. Qf3+ 1-0

[Event "*** SCC Grand Prix: Titled Tuesday Blitz"]
[Site "Chess.com"]
[Date "2020.07.21"]
[Round "2"]
[White "SantoBlue"]
[Black "Emp3rador"]
[Result "1-0"]
[WhiteElo "2719"]
[BlackElo "2478"]
[TimeControl "180+1"]
[EndTime "10:16:28 PDT"]
[Termination "SantoBlue won by checkmate"]

1. e4 e6 2. d4 d5 3. Nd2 dxe4 4. Nxe4 Nd7 5. Bd3 Ngf6 6. Qe2 Be7 7. Nf3 b6 8. Ne5 Nxe5 9. dxe5 Nd5 10. O-O Bb7 11. Rd1 Qc8 12. a3 Bd8 13. Qg4 Kf8 14. Qh5 Ne7 15. Ng5 Ng6 16. Nxh7+ Kg8 17. Bxg6 fxg6 18.
Qxg6 Be7 19. Nf6+ Bxf6 20. exf6 Qf8 21. fxg7 Qxg7 22. Qxe6+ Kh7 23. Rd7 Rhe8 24. Qh6+ Kg8 25. Qxg7# 1-0

[Event "*** SCC Grand Prix: Titled Tuesday Blitz"]
[Site "Chess.com"]
[Date "2020.07.21"]
[Round "2"]
[White "WonderChampion"]
[Black "Batsai"]
[Result "0-1"]
[WhiteElo "1989"]
[BlackElo "2366"]
[TimeControl "180+1"]
[EndTime "10:16:28 PDT"]
[Termination "Batsai won by checkmate"]

1. d4 Nf6 2. Bg5 g6 3. Bxf6 exf6 4. Nf3 d5 5. Nbd2 Bd6 6. e3 O-O 7. c4 dxc4 8. Bxc4 c6 9. O-O Nd7 10. Ne4 Be7 11. Qc2 Nb6 12. Bb3 a5 13. a3 Kg7 14.
Rad1 a4 15. Ba2 Bg4 16. Ned2 Ra5 17. Qc3 Rh5 18. h3 Bd7 19. Ne4 Qc8 20. Ng3 Rh6 21. e4 Bxh3 22. gxh3 Qxh3 23. e5 f5 24. e6 f4 25.
Rfe1 fxg3 26. fxg3 Qxg3+ 27. Kf1 fxe6 28. Re3 Rh1+ 29.
Ke2 Qg2+ 30. Kd3 Rxd1+ 31. Ke4 Qg4+ 32. Ke5 Qf5# 0-1

[Event "*** SCC Grand Prix: Titled Tuesday Blitz"]
[Site "Chess.com"]
[Date "2020.07.21"]
[Round "2"]
[White "imdvb6307"]
[Black "chalowey97"]
[Result "1-0"]
[WhiteElo "2406"]
[BlackElo "2121"]
[TimeControl "180+1"]
[EndTime "10:16:29 PDT"]
[Termination "imdvb6307 won by resignation"]

1. c4 e5 2. Nc3 Nf6 3. Nf3 d5 4. cxd5 Nxd5 5. Nxe5 Nxc3 6. dxc3 Bd6 7. Nc4 Be7 8. Qxd8+ Bxd8 9. e4 O-O 10. Bf4 a5 11.
O-O-O Nd7 12. Ne3 Nc5 13. f3 Be6 14. Kb1 c6 15. Bd6 Na4 16. Bxf8 Kxf8 17. Bc4 Bxc4 18. Nxc4 b5 19. Ne5 Rc8 20. Nxc6 Bb6 21. Ne5 f6 22. Nd7+ Ke7 23. Nxb6 Nxb6 24. Rd3 Rc6 25. b3 a4 26. Rhd1 h6 27. f4 Re6 28. Rd4 axb3 29. axb3 Rc6 30. Kb2 g5 31. e5 gxf4 32. exf6+ Kxf6 33. Rxf4+ Kg5 34. Rb4 Rc5 35. Rbd4 Rf5 36. R1d2 h5 37. h4+ 1-0

[Event "*** SCC Grand Prix: Titled Tuesday Blitz"]
[Site "Chess.com"]
[Date "2020.07.21"]
[Round "2"]
[White "MasterKroket"]
[Black "Yoshikrov"]
[Result "1-0"]
[WhiteElo "2403"]
[BlackElo "2117"]
[TimeControl "180+1"]
[EndTime "10:16:29 PDT"]
[Termination "MasterKroket won by resignation"]

1. d4 Nf6 2. c4 g6 3. Nc3 d5 4. cxd5 Nxd5 5. e4 Nxc3 6. bxc3 c5 7. Be3 Bg7 8. Qd2 O-O 9. Nf3 Bg4 10. Ng5 Nc6 11. d5 Na5 12. h3 Bd7 13. Bxc5 Rc8 14. Bd4 Nc4 15. Bxc4 Rxc4 16. O-O e5 17. dxe6 Bxe6 18.
Nxe6 fxe6 19. Qe2 Ra4 20. e5 Qd5 21. Rfb1 b6 22. Rb5 Qc6 23. Rb4 Ra5 24. a4 Rf5 25.
Rc4 Qb7 26. Re1 Bxe5 27. Bxe5 Raxe5 28. Qd2 Rxe1+ 29. Qxe1 Kf7 30. Qe3 Qd7 31. Qg3 Rd5 32.
Rc7 1-0

[Event "*** SCC Grand Prix: Titled Tuesday Blitz"]
[Site "Chess.com"]
[Date "2020.07.21"]
[Round "2"]
[White "Boudicca64"]
[Black "Fischerev7"]
[Result "0-1"]
[WhiteElo "1783"]
[BlackElo "2346"]
[TimeControl "180+1"]
[EndTime "10:16:29 PDT"]
[Termination "Fischerev7 won on time"]

1. e4 c5 2. g3 g6 3. Bg2 Bg7 4. Ne2 Nc6 5. c3 e5 6. O-O Nge7 7. d3 O-O 8. Be3 b6 9. d4 cxd4 10. cxd4 d6 11. d5 Nb8 12. Nbc3 f5 13. Qd2 Ba6 14. b4 Bc4 15. b5 Nd7 16. Rfc1 Rc8 17. a4 Nc5 18.
Bxc5 Rxc5 19. Nd1 fxe4 20. Bxe4 Qc7 21. Nec3 Nf5 22. Bxf5 gxf5 23. Ne3 e4 24. Ra3 Bd3 25. Na2 f4 26. gxf4 Rxf4 0-1

[Event "*** SCC Grand Prix: Titled Tuesday Blitz"]
[Site "Chess.com"]
[Date "2020.07.21"]
[Round "2"]
[White "knightmare7724"]
[Black "Snegokhod"]
[Result "1-0"]
[WhiteElo "2599"]
[BlackElo "2279"]
[TimeControl "180+1"]
[EndTime "10:16:30 PDT"]
[Termination "knightmare7724 won by resignation"]

1. e4 d5 2. exd5 Nf6 3. Nc3 Nxd5 4. Bc4 c6 5. Nf3 g6 6. d4 Bg7 7. Qe2 O-O 8. O-O Nd7 9. h3 N7f6 10. Bg5 h6 11. Bd2 Bf5 12. Bb3 Nxc3 13. Bxc3 Ne4 14. Be1 a5 15. c3 a4 16. Bc2 Nd6 17. Rd1 Bxc2 18. Qxc2 a3 19. b3 e6 20. c4 Nf5 21.
Bc3 Qc7 22. Rd2 Rad8 23. Rfd1 b5 24. Bb4 bxc4 25. Bxf8 cxb3 26. Qxb3 Bxf8 27. Qc4 Nd6 28. Qa6 Nb5 29. Rc2 Qf4 30. Qxc6 Nxd4 31. Nxd4 Rxd4 32. Rxd4 Qxd4 33. g3 Qb4 34. Kg2 Kg7 35. Qc3+ Qxc3 36. Rxc3 h5 37. Kf3 Kf6 38. Ke4 Bb4 39.
Rb3 Be7 40. f4 Bc5 41. g4 hxg4 42. hxg4 Bd6 43. Rf3 Kg7 44. Kd4 Kf6 45. Kc4 Ke7 46.
Kb5 e5 47. fxe5 Bxe5 48. Rxa3 1-0

[Event "*** SCC Grand Prix: Titled Tuesday Blitz"]
[Site "Chess.com"]
[Date "2020.07.21"]
[Round "2"]
[White "Antipov_Mikhail_Al"]
[Black "UCantHandleDenker"]
[Result "1-0"]
[WhiteElo "2844"]
[BlackElo "2560"]
[TimeControl "180+1"]
[EndTime "10:16:33 PDT"]
[Termination "Antipov_Mikhail_Al won by resignation"]

1. e4 d6 2. Nf3 Nf6 3. Nc3 g6 4.
g3 Bg7 5. Bg2 O-O 6. O-O Nc6 7. h3 e5 8. d3 h6 9. Kh2 Bd7 10. Be3 a6 11. Qd2 Kh7 12. d4 exd4 13. Nxd4 Re8 14. Rae1 Na5 15. b3 c5 16. Nde2 Bc6 17. f3 b5 18. Nf4 b4 19. Ncd5 Nxd5 20. Nxd5 Rc8 21. f4 Bb5 22. Rf2 Nc6 23. a4 bxa3 24. c4 Nd4 25. cxb5 axb5 26. f5 Nxb3 27. Qa2 Nd4 28. f6 Bf8 29. Bxd4 cxd4 30. Qxa3 Qd7 31. h4 Ra8 32. Qd3 Qa7 33. h5 Re5 34. hxg6+ fxg6 35. Rc2 Qf7 36. Rec1 Rh5+ 37. Kg1 1-0

[Event "*** SCC Grand Prix: Titled Tuesday Blitz"]
[Site "Chess.com"]
[Date "2020.07.21"]
[Round "2"]
[White "Chuchofrio1"]
[Black "crackcubano"]
[Result "0-1"]
[WhiteElo "2298"]
[BlackElo "2627"]
[TimeControl "180+1"]
[EndTime "10:16:34 PDT"]
[Termination "crackcubano won by resignation"]

1. d4 Nf6 2. c4 c5 3. d5 b5 4. cxb5 a6 5. Nc3 axb5 6. e4 b4 7. Nb5 d6 8. a4 g6 9. Bc4 Bg7 10. Nf3 Nxe4 11. Qe2 Nf6 12. O-O O-O 13. Re1 Re8 14. Bg5 Nbd7 15. Qd2 Nb6 16. Qd3 Bf5 17. Qb3 Nxc4 18. Qxc4 h6 19. Bf4 Nd7 20. Qc1 g5 21. Bg3 Nb6 22. Qd1 Qd7 23. h4 g4 24. Nh2 Bxb2 25.
Ra2 Bg7 26. f3 gxf3 27. Nxf3 Nxa4 28. Rxa4 Qxb5 29. Rxa8 Rxa8 30. Kh2 Ra1 31. Qe2 Qxe2 32. Rxe2 Bf6 33. Bf4 Kh7 34. h5 b3 35. Nd2 b2 0-1

[Event "*** SCC Grand Prix: Titled Tuesday Blitz"]
[Site "Chess.com"]
[Date "2020.07.21"]
[Round "2"]
[White "LaPorfia"]
[Black "Agent-JL"]
[Result "0-1"]
[WhiteElo "2236"]
[BlackElo "2450"]
[TimeControl "180+1"]
[EndTime "10:16:35 PDT"]
[Termination "Agent-JL won by resignation"]

1. d4 Nf6 2. Nf3 e6 3. Bf4 c5 4. e3 cxd4 5. exd4 d6 6. Nbd2 Be7 7. c3 O-O 8. Bd3 b6 9. Qe2 Bb7 10. O-O Re8 11. Rfe1 Nbd7 12. a4 a6 13. Nc4 Nf8 14.
Rad1 Ng6 15. Bg3 Nd5 16. Bc2 Ndf4 17. Qe3 Nd5 18. Qd3 b5 19. axb5 axb5 20. Ne3 Qb6 21. Nxd5 Bxd5 22. h4 Qc6 23. h5 Nf8 24. Rc1 f5 25. b3 Ra3 26. Rb1 Rc8 27. Rec1 Qxc3 28.
Qxb5 Bxf3 29. gxf3 Qxd4 30. Qe2 Ra2 31. b4 Qc3 32.
Bb3 Qxc1+ 33. Rxc1 Rxc1+ 34. Qf1 Rxf1+ 35. Kxf1 Rb2 0-1

[Event "*** SCC Grand Prix: Titled Tuesday Blitz"]
[Site "Chess.com"]
[Date "2020.07.21"]
[Round "2"]
[White "crazychessbr"]
[Black "londonkid"]
[Result "0-1"]
[WhiteElo "2124"]
[BlackElo "2406"]
[TimeControl "180+1"]
[EndTime "10:16:35 PDT"]
[Termination "londonkid won on time"]

1. e4 e6 2. d3 d5 3. g3 Nf6 4. Nd2 c5 5. Ngf3 Nc6 6. Bg2 Be7 7. O-O Qc7 8. c3 b6 9. Qc2 Bb7 10. Re1 h6 11. Nf1 O-O 12. h4 c4 13. e5 cxd3 14.
Qxd3 Ne4 15. Bf4 Na5 16. N1h2 Nc4 17. Rab1 Bc5 18. Ng4 Ba6 19. Qc2 Rfe8 20. b3 Na3 21. Qb2 Nxb1 22. Qxb1 Bf8 23. Rc1 Be2 24. Nfh2 Nxc3 25.
Qb2 Rac8 26. Rxc3 Qxc3 27. Qxe2 Qa1+ 28. Bf1 Qb1 29. Nf3 Rc2 30. Qe3 Bc5 31. Qd3 Rb2 32.
Qxb1 Rxb1 0-1

[Event "*** SCC Grand Prix: Titled Tuesday Blitz"]
[Site "Chess.com"]
[Date "2020.07.21"]
[Round "2"]
[White "Eternauta2400"]
[Black "MF1966Idrisov"]
[Result "0-1"]
[WhiteElo "2592"]
[BlackElo "2362"]
[TimeControl "180+1"]
[EndTime "10:16:36 PDT"]
[Termination "MF1966Idrisov won by resignation"]

1. c4 d6 2. Nc3 f5 3. d3 Nf6 4. g3 e5 5. Bg2 Be7 6. Nf3 O-O 7. O-O Nc6 8. Rb1 Rb8 9. b4 Qe8 10. b5 Na5 11. Nd5 Nxd5 12. cxd5 Bd7 13. Bd2 b6 14. a4 Nb7 15. Qc2 Nc5 16. Bb4 Qh5 17. Nd2 f4 18. Bxc5 bxc5 19. Ne4 Bh3 20. Rb2 Bxg2 21. Kxg2 f3+ 22. exf3 Rxf3 23. a5 Rbf8 24.
b6 cxb6 25. axb6 axb6 26. Rxb6 R3f7 27. Qd1 Qf5 28. Qe2 Qd7 29. Rfb1 h6 30. Rb8 Rxb8 31. Rxb8+ Kh7 32. Qc2 Qf5 33. Qd1 Bf8 34. Kg1 c4 35. Rc8 Qxc8 0-1

[Event "*** SCC Grand Prix: Titled Tuesday Blitz"]
[Site "Chess.com"]
[Date "2020.07.21"]
[Round "2"]
[White "baag"]
[Black "Nayemhaque22"]
[Result "1-0"]
[WhiteElo "2617"]
[BlackElo "2185"]
[TimeControl "180+1"]
[EndTime "10:16:36 PDT"]
[Termination "baag won by resignation"]

1. d4 Nf6 2. c4 e6 3. Nc3 Bb4 4. Bd2 d5 5. e3 O-O 6. Nf3 b6 7. Bd3 Bb7 8. O-O Nbd7 9. Nxd5 Nxd5 10. cxd5 Bd6 11. dxe6 fxe6 12. e4 c5 13. Ng5 Re8 14.
e5 h6 15. Bh7+ Kf8 16. exd6 hxg5 17. Bg6 Qf6 18. Bxe8 Rxe8 19. dxc5 Nxc5 20. Qg4 Ne4 21. Bc3 Nxc3 22. bxc3 Rd8 23. Rad1 Rd7 24. c4 Kf7 25.
Rfe1 g6 26. h3 Qf5 27. Qg3 Kf6 28. Qc3+ e5 29. Re3 Qf4 30. Rde1 Rxd6 31. Rxe5 Qd4 32. Re6+ Kf7 33. Re7+ Kf8 34. Qxd4 1-0

[Event "*** SCC Grand Prix: Titled Tuesday Blitz"]
[Site "Chess.com"]
[Date "2020.07.21"]
[Round "2"]
[White "m-garcett"]
[Black "tlomigtlis"]
[Result "0-1"]
[WhiteElo "2056"]
[BlackElo "2379"]
[TimeControl "180+1"]
[EndTime "10:16:36 PDT"]
[Termination "tlomigtlis won by resignation"]

1. Nf3 Nf6 2. d4 d5 3. Bf4 c5 4. e3 Nc6 5. c3 Qb6 6. Qb3 c4 7. Qxb6 axb6 8. a3 b5 9. Nbd2 b4 10. cxb4 Nxb4 11. Rc1 Nc6 12. Be2 Bf5 13. O-O e6 14.
Nh4 h6 15. Nxf5 exf5 16. Nf3 Be7 17. Ne5 Nxe5 18. Bxe5 O-O 19. f3 b5 20. Rc3 b4 21.
axb4 Bxb4 22. Rcc1 Bd2 23. Ra1 Bxe3+ 24. Kh1 Nd7 25. f4 Nxe5 26. fxe5 Bxd4 27. Rad1 Bxb2 28. Rxd5 c3 29. Bd3 Rfd8 30. Rxd8+ Rxd8 31. Bxf5 Rd2 32. e6 fxe6 33. Bxe6+ Kh8 34. Bb3 c2 35. Bxc2 Rxc2 36. h4 Rc4 37. g3 Be5 38. Kg2 Rg4 39. Rf3 Kh7 40. Kh3 h5 41. Rd3 Kg6 42. Re3 Kf5 43. Rf3+ Ke4 44. Rb3 Rxg3+ 45. Rxg3 Bxg3 46. Kxg3 Ke3 47.
Kg2 Kf4 48. Kh3 Kf3 49. Kh2 Kg4 0-1

[Event "*** SCC Grand Prix: Titled Tuesday Blitz"]
[Site "Chess.com"]
[Date "2020.07.21"]
[Round "2"]
[White "KyrgyzFighter"]
[Black "vovachesss"]
[Result "1-0"]
[WhiteElo "2310"]
[BlackElo "2600"]
[TimeControl "180+1"]
[EndTime "10:16:37 PDT"]
[Termination "KyrgyzFighter won by resignation"]

1. c4 Nf6 2. Nc3 c6 3. e4 d6 4. d4 g6 5. f4 Bg7 6. e5 dxe5 7. fxe5 Ng4 8. h3 Nh6 9. g4 c5 10. d5 Nd7 11. Nf3 O-O 12. Be3 f6 13. e6 Nb6 14.
Qd2 g5 15. Bxc5 f5 16. Nxg5 Qc7 17. Bxb6 axb6 18. Bd3 Qg3+ 19. Kd1 fxg4 20. Bxh7+ Kh8 21. Nce4 Qe5 22. hxg4 Bxe6 23. Nxe6 Kxh7 24. N4g5+ Kg8 25. Qd3 Nf5 26. gxf5 Qxb2 27. Rb1 Qg2 28. Qh3 Qxh3 29. Rxh3 Rxa2 30. Nxf8 Bxf8 31. Ne6 1-0

[Event "*** SCC Grand Prix: Titled Tuesday Blitz"]
[Site "Chess.com"]
[Date "2020.07.21"]
[Round "2"]
[White "politeplayer"]
[Black "AsaHoffmann"]
[Result "0-1"]
[WhiteElo "2209"]
[BlackElo "2432"]
[TimeControl "180+1"]
[EndTime "10:16:37 PDT"]
[Termination "AsaHoffmann won by resignation"]

1. f4 d6 2. Nf3 Bg4 3. e4 g6 4. Bc4 e6 5. O-O c6 6. f5 d5 7. fxe6 fxe6 8. exd5 cxd5 9. Bb5+ Nc6 10. d4 Bg7 11.
Qe1 Ne7 12. c3 O-O 13. h3 Bf5 14. Bg5 Qd6 15. Nbd2 Rae8 16. Bxc6 Nxc6 17. Qh4 e5 18. dxe5 Nxe5 19. Nxe5 Bxe5 20. Bh6 Rf7 21. Nf3 Bf6 22. Ng5 Rfe7 23. g4 Bxg5 24. Qxg5 Qg3+ 25. Kh1 Be4+ 0-1

[Event "*** SCC Grand Prix: Titled Tuesday Blitz"]
[Site "Chess.com"]
[Date "2020.07.21"]
[Round "2"]
[White "TheWolfSpur"]
[Black "GustavoJuarezF"]
[Result "1-0"]
[WhiteElo "2370"]
[BlackElo "2010"]
[TimeControl "180+1"]
[EndTime "10:16:37 PDT"]
[Termination "TheWolfSpur won by resignation"]

1. d4 g6 2. c4 Bg7 3. Nc3 d6 4. e4 Nc6 5. Nge2 e5 6. Be3 exd4 7. Nxd4 Nge7 8. Be2 O-O 9. O-O Bd7 10. Qd2 Re8 11. Rad1 Ne5 12. f3 N7c6 13. Rfe1 Nxd4 14. Bxd4 Bc6 15.
Bf1 a6 16. Nd5 Bxd5 17. cxd5 Qd7 18. f4 Ng4 19. Bxg7 Kxg7 20. h3 Nf6 21. e5 dxe5 22. fxe5 Nh5 23. g4 Ng3 24. Bg2 h5 25. Qf4 h4 26.
Qf6+ Kg8 27. Qxh4 Qa4 28. Qxg3 Qxa2 29. Rd2 Rad8 30. Rde2 Re6 31. dxe6 1-0

[Event "*** SCC Grand Prix: Titled Tuesday Blitz"]
[Site "Chess.com"]
[Date "2020.07.21"]
[Round "2"]
[White "NiranjanNavalgund"]
[Black "kidagent"]
[Result "1-0"]
[WhiteElo "2442"]
[BlackElo "2219"]
[TimeControl "180+1"]
[EndTime "10:16:38 PDT"]
[Termination "NiranjanNavalgund won by resignation"]

1. d4 d5 2. Nf3 Nf6 3. c4 c6 4. g3 Bf5 5. Bg2 e6 6. Nc3 dxc4 7. Nh4 Bg4 8. Qa4 Be7 9. O-O O-O 10.
Qxc4 Nbd7 11. e4 Nb6 12. Qd3 e5 13. Be3 exd4 14. Qxd4 Qxd4 15. Bxd4 Rfd8 16. Be3 Nc4 17. Bc1 Bb4 18. h3 Be6 19. Nf5 Rd7 20. Ne3 Rad8 21. Nxc4 Bxc4 22. Re1 Rd3 23. Bg5 h6 24. Bf4 Bxc3 25.
bxc3 Rxc3 26. Red1 Rcd3 27. Rxd3 Bxd3 28. Rd1 c5 29. e5 Ne8 30. Bxb7 c4 31. Ba6 Rd5 32. Bb7 Ra5 33. Bc6 Nc7 34. a4 Ne6 35. Bb5 a6 36.
Bd2 Rxb5 37. axb5 axb5 38. f4 Nd4 39. Kf2 Nc2 40. Rb1 Nd4 41. Rb2 Nb3 42. Bc3 Kf8 43.
Ra2 Ke7 44. Ra7+ Ke6 45. g4 Nc5 46. f5+ Kd5 47. Ke3 Ne4 48. Rd7+ Kc6 49. Rxd3 cxd3 50.
Kxe4 1-0

[Event "*** SCC Grand Prix: Titled Tuesday Blitz"]
[Site "Chess.com"]
[Date "2020.07.21"]
[Round "2"]
[White "jamalm2"]
[Black "skiff134"]
[Result "0-1"]
[WhiteElo "1860"]
[BlackElo "2374"]
[TimeControl "180+1"]
[EndTime "10:16:40 PDT"]
[Termination "skiff134 won by resignation"]

1. c4 Nf6 2. Nc3 e6 3. e4 d5 4. exd5 exd5 5. d4 Nc6 6. Nf3 Be6 7. cxd5 Nxd5 8. Be2 Bd6 9. O-O O-O 10. Ng5 Nxc3 11. bxc3 Bf5 12. h3 h6 13. Nf3 Qf6 14. Bd3 Rfe8 15. Bxf5 Qxf5 16. Be3 Na5 17. Nd2 Re6 18. Qf3 Qd3 19. Rac1 Rae8 20. Rfe1 Ba3 21. Rcd1 Qxc3 22.
Nf1 Bd6 23. Ng3 b6 24. Nf5 Bf8 25. Qg4 Rg6 26. Qf3 Qa3 27. Bf4 Qxf3 0-1

[Event "*** SCC Grand Prix: Titled Tuesday Blitz"]
[Site "Chess.com"]
[Date "2020.07.21"]
[Round "2"]
[White "djano"]
[Black "ManuDavid2910"]
[Result "0-1"]
[WhiteElo "2461"]
[BlackElo "2686"]
[TimeControl "180+1"]
[EndTime "10:16:41 PDT"]
[Termination "ManuDavid2910 won by resignation"]

1. d4 Nf6 2. Nf3 e6 3. g3 d5 4. Bg2 c5 5. c4 Nc6 6. cxd5 exd5 7. Nc3 Bg4 8. dxc5 Bxc5 9. O-O h6 10.
b3 O-O 11. Bb2 Re8 12. Rc1 Bb6 13. Na4 Ne4 14. Nxb6 Qxb6 15. e3 Rad8 16. h3 Bh5 17.
g4 Bg6 18. Nd4 Nb4 19. Nf5 Bxf5 20. gxf5 Nxa2 21. Ra1 Nac3 22. Qg4 Nf6 23. Qh4 d4 24. e4 Nfxe4 25. Kh1 d3 26. Bxe4 Nxe4 27. Qg4 f6 28.
Qg2 d2 29. Rad1 Qxb3 30. Ba1 Rd3 31. Kh2 Ng5 32. f3 Rxf3 33. Rxf3 Qxf3 34. Qxf3 Nxf3+ 35. Kg2 Re1 0-1

[Event "*** SCC Grand Prix: Titled Tuesday Blitz"]
[Site "Chess.com"]
[Date "2020.07.21"]
[Round "2"]
[White "IMHansNiemann"]
[Black "GiorgianBarbosa"]
[Result "1-0"]
[WhiteElo "2962"]
[BlackElo "2458"]
[TimeControl "180+1"]
[EndTime "10:16:41 PDT"]
[Termination "IMHansNiemann won by resignation"]

1. d4 Nf6 2. Nc3 g6 3. e4 d6 4. f4 Bg7 5. Nf3 O-O 6. Bd3 c5 7. dxc5 dxc5 8. e5 Nd5 9. Nxd5 Qxd5 10. Qe2 Nc6 11. c3 Bf5 12. Bxf5 gxf5 13. Be3 Rfd8 14. O-O b6 15. h3 Na5 16. Rfd1 Qc4 17. Kf2 Qxe2+ 18. Kxe2 Nc4 19. Bc1 e6 20. b3 Rxd1 21. Kxd1 Rd8+ 22. Kc2 Na5 23. Be3 Nc6 24. g4 fxg4 25.
hxg4 Bf8 26. Ng5 Be7 27. Ne4 Kg7 28. a3 a5 29. a4 Rh8 30. Rh1 Rd8 31. Bf2 Rh8 32.
Bg3 Bd8 33. f5 Bc7 34. Rh5 Kf8 35. Nf6 Bxe5 36. Nd7+ Ke7 37. Nxe5 exf5 38. Nxc6+ 1-0

[Event "*** SCC Grand Prix: Titled Tuesday Blitz"]
[Site "Chess.com"]
[Date "2020.07.21"]
[Round "2"]
[White "amatatanav"]
[Black "queen_iryna"]
[Result "1-0"]
[WhiteElo "2505"]
[BlackElo "2269"]
[TimeControl "180+1"]
[EndTime "10:16:41 PDT"]
[Termination "amatatanav won by resignation"]

1. e4 d6 2. d4 Nf6 3. Nc3 e5 4. dxe5 dxe5 5. Qxd8+ Kxd8 6. Bg5 Be6 7. O-O-O+ Nd7 8. f4 exf4 9. Nf3 Kc8 10. Bxf4 Bb4 11.
Nb5 Ba5 12. Nbd4 Nxe4 13. Nxe6 fxe6 14. Bc4 Nf2 15. Bxe6 Nxd1 16. Rxd1 Rd8 17. Bg5 Rf8 18. Rxd7 Kb8 19. Rxg7 a6 20. Rxh7 Ka7 21. Be3+ Bb6 22. Bxb6+ Kxb6 23. h4 Rae8 24. Rh6 Rf4 25. Bf7+ c6 26.
Bxe8 Re4 27. Bg6 Re2 28. g3 Rf2 29. Be4 Rg2 30. Rg6 Re2 31. Rg4 Kc5 32. h5 Rf2 33.
h6 Rf1+ 34. Kd2 Rh1 35. Rh4 Rf1 36. h7 Rf2+ 37. Ke3 Rg2 38. h8=Q 1-0

[Event "*** SCC Grand Prix: Titled Tuesday Blitz"]
[Site "Chess.com"]
[Date "2020.07.21"]
[Round "2"]
[White "Rap_woyska"]
[Black "a3aki"]
[Result "1-0"]
[WhiteElo "2373"]
[BlackElo "2031"]
[TimeControl "180+1"]
[EndTime "10:16:41 PDT"]
[Termination "Rap_woyska won by checkmate"]

1. c4 Nf6 2. Nf3 g6 3. Nc3 d6 4. d4 Bg7 5. g3 O-O 6. Bg2 Nc6 7. O-O a6 8. d5 Na5 9. b3 c5 10. dxc6 Nxc6 11. Bb2 Bd7 12. Ne1 Rc8 13. Nd3 Ng4 14. h3 Nge5 15. Nf4 Qa5 16. Rc1 b5 17. cxb5 axb5 18. Qd2 b4 19. Na4 Na7 20. Nd5 Nec6 21. Ndb6 Rc7 22. Bxg7 Kxg7 23. Nxd7 Rxd7 24. Bxc6 Nxc6 25.
Rxc6 Qe5 26. Qb2 Qxb2 27. Nxb2 Ra8 28. Na4 Rb7 29. Rfc1 Raa7 30. e3 Kf6 31. Kf1 Ke6 32.
Ke2 Kd7 33. Rb6 Rc7 34. Rxc7+ Rxc7 35. Kd2 e5 36. Rxb4 f5 37. Rb6 Ke6 38. Nc3 Ra7 39. a4 g5 40. b4 h5 41. a5 h4 42.
gxh4 gxh4 43. a6 Rg7 44. Rb7 Rg2 45. Nd1 Rh2 46. a7 Rxh3 47. a8=Q Rg3 48. Qc8+ Kd5 49. Rb5+ Ke4 50. Qc6+ d5 51. Qxd5# 1-0

[Event "*** SCC Grand Prix: Titled Tuesday Blitz"]
[Site "Chess.com"]
[Date "2020.07.21"]
[Round "2"]
[White "Fighter008"]
[Black "GOGIEFF"]
[Result "0-1"]
[WhiteElo "2575"]
[BlackElo "2900"]
[TimeControl "180+1"]
[EndTime "10:16:45 PDT"]
[Termination "GOGIEFF won by resignation"]

1. e4 c5 2. Nf3 d6 3. d4 cxd4 4. Nxd4 Nf6 5. Nc3 a6 6. Be3 Nbd7 7. g4 d5 8. Qe2 e5 9. O-O-O exd4 10. Bxd4 Be7 11.
exd5 O-O 12. g5 Ne8 13. h4 Bc5 14. Bxc5 Nxc5 15. d6 Be6 16. Qe5 Rc8 17. f4 Nd7 18. Qd4 Qa5 19. a3 Qc5 20. Qe4 Nxd6 21. Rxd6 Qxd6 22. f5 Nc5 23. Qf3 Bd7 24. Bc4 Bc6 25. Nd5 b5 26. Ba2 Rfd8 27. Rd1 Qe5 28. g6 Na4 29.
gxf7+ Kf8 30. c3 Bxd5 31. Bxd5 Nxc3 0-1